 Dungeon Crawl Stone Soup version 0.19.1 (webtiles) character file.

5 M4edhros the Grave Robber (level 1, -1/11 HPs)
             Began as an Octopode Necromancer on Dec 23, 2016.
             Slain by a worker ant (3 damage)
             ... on level 4 of the Dungeon.
             The game lasted 00:02:00 (208 turns).

M4edhros the Grave Robber (Octopode Necromancer)     Turns: 208, Time: 00:02:00

Health: -1/11      AC:  1    Str:  7    XL:     1   Next: 80%
Magic:  0/3        EV: 13    Int: 17    God:
Gold:   2          SH:  0    Dex: 12    Spells: 2 memorised, 2 levels left

rFire  . . .     SeeInvis .     c - -2 spear (curse)
rCold  . . .     Gourm    .     (no shield)
rNeg   . . .     Faith    .     (helmet restricted)
rPois  .         Spirit   .     (no amulet)
rElec  .         Reflect  .     (no ring)
rCorr  .         Harm     .     (no ring)
MR     .....                    (no ring)
Stlth  +++.......               (no ring)
                                (no ring)
                                (no ring)
                                (no ring)
                                (no ring)

@: no status effects
A: almost no armour, stealthy swim, amphibious, 8 rings, constrict 8, camouflage
1, gelatinous body 1
a: no special abilities


You were on level 4 of the Dungeon.
You were not hungry.

You visited 1 branch of the dungeon, and saw 3 of its levels.

You collected 22 gold pieces.
You spent 20 gold pieces at shops.

Inventory:

Hand Weapons
 c - a cursed -2 spear (weapon)
Missiles
 d - 27 stones (quivered)
Books
 a - a book of Necromancy

   Spells                             Type                      Level
   a - Pain                           Necromancy                   1
   b - Animate Skeleton               Necromancy                   1
   c - Vampiric Draining              Necromancy                   3
   d - Regeneration                   Charms/Necromancy            3
   e - Animate Dead                   Necromancy                   4
   f - Control Undead                 Necromancy                   4
Comestibles
 b - a bread ration
 g - 3 chunks of flesh


   Skills:
 - Level 2.0 Dodging
 - Level 2.6 Stealth
 + Level 1.3 Unarmed Combat
 - Level 2.0 Spellcasting
 - Level 4.0 Necromancy


You had 2 spell levels left.
You knew the following spells:

 Your Spells              Type           Power        Failure   Level  Hunger
a - Pain                  Necr           ###.         3%          1    #......
b - Animate Skeleton      Necr           N/A          3%          1    #......


Dungeon Overview and Level Annotations

Branches:
Dungeon (2/15)

Altars:

Shops:
D:4 *

Annotations:
D:2 Ijyb


Innate Abilities, Weirdness & Mutations

You cannot wear most types of armour.
You are very stealthy in the water. (Stealth+)
You are amphibious.
You can wear up to eight rings at the same time.
You can use your tentacles to constrict eight enemies at once.
Your skin changes colour to match your surroundings (Stealth+).
Your rubbery body absorbs attacks. (AC +1, EV +1)


Message History

Aim: a worker ant (chance to defeat MR: 80%)
The worker ant writhes in agony!
The worker ant misses you.
You barely miss the worker ant. Your grab misses the worker ant.
The worker ant is moderately wounded.
The worker ant closely misses you.
You closely miss the worker ant. You grab the worker ant.
The worker ant is moderately wounded.
You constrict the worker ant, but do no damage.
The worker ant bites you.
Ouch! That really hurt!
* * * LOW HITPOINT WARNING * * *
Casting: Pain
Confirm with . or Enter, or press ? or * to list all spells.
Aiming: Pain
Press: ? - help, Shift-Dir - straight line, f/p - worker ant
Aim: a worker ant (moderately wounded, constricted by you, chance to defeat MR: 80%)
The worker ant barely resists.
You constrict the worker ant, but do no damage.
The worker ant bites you.
You die...

*,,,,******,***,*
*....# *,,,,,*
#.?..# *****,*
#....# *,,,, #....#
****,
##....#####******,
#.........#*,,,,,,
#........)#*,,,,,,
#@........##.,,,,,
#.a..........,,,,,
#'#..........,,,,,
*#∩#..........,,,,,
####..........,,,,,
#.......######*****
#.......# #.......#
#########


You could see a worker ant.

Vanquished Creatures
  2 leopard geckos (D:1)
  2 rats
4 creatures vanquished.

Notes
Turn   | Place    | Note
-------+----------+-------------------------------------------
     0 | D:1      | M4edhros the Octopode Necromancer began the quest for the Orb.
     0 | D:1      | Reached XP level 1. HP: 11/11 MP: 3/3
    92 | D:1      | Reached skill level 1 in Unarmed Combat
   100 | D:1      | Learned a level 1 spell: Animate Skeleton
   132 | D:2      | Noticed Ijyb
   144 | D:2      | You fall through a shaft for 2 floors!
   144 | D:4      | Noticed a worker ant
   149 | D:4      | Found Kus Nikeu's Assorted Antiques.
   153 | D:4      | Bought a golden potion for 20 gold pieces
   208 | D:4      | Slain by a worker ant

Skill      XL: |  1 |
---------------+----+-----
Unarmed Combat | 1 |  1.3
Dodging        | |  2.0
Stealth        | |  2.6
Spellcasting   | |  2.0
Necromancy     | |  4.0

Action                   || total
-------------------------++-------
Melee: Spear             ||    14
       Constrict         ||     4
       Tentacles         ||     1
 Cast: Pain              ||     3
       Animate Skeleton  ||     2
  Use: Scroll            ||     3
       Potion            ||     1
 Stab: Sleeping          ||     3
Armor: Skin              ||     1
Dodge: Dodged            ||     7
